 Dungeon Crawl Stone Soup version 0.23.2-33-g5129a83 (webtiles) character file.

Game seed: 15922406188009989665

217 Aphrodieselac the Charmwright (level 5, -3/38 HPs)
             Began as a Merfolk Skald on Aug 4, 2019.
             Killed from afar by an orc wizard (7 damage)
             ... with a magic dart
             ... on level 2 of the Dungeon.
             The game lasted 00:11:11 (2831 turns).

Aphrodieselac the Charmwright (Merfolk Skald)       Turns: 2831, Time: 00:11:12

Health: -3/38      AC:  5    Str: 12    XL:     5   Next: 94%
Magic:  6/8        EV: 12    Int: 12    God:
Gold:   122        SH:  0    Dex: 14    Spells: 2/8 levels left

rFire    . . .     SeeInvis .   u - +0 halberd
rCold    . . .     Gourm    .   (shield currently unavailable)
rNeg     . . .     Faith    .   p - +0 leather armour (curse)
rPois    .         Spirit   .   (no helmet)
rElec    .         Reflect  .   i - +0 cloak
rCorr    .         Harm     .   (no gloves)
MR       .....                  k - +0 pair of boots
Stlth    +.........             (no amulet)
HPRegen  0.12/turn              (no ring)
MPRegen  0.11/turn              (no ring)

@: shrouded
A: change form in water, swift swim, stealthy swim
a: no special abilities


You were on level 2 of the Dungeon.
You were hungry.

You visited 1 branch of the dungeon, and saw 3 of its levels.

You collected 122 gold pieces.

Inventory:

Hand Weapons
 a - a +0 spear
 b - a +0 hunting sling
 u - a +0 halberd (weapon)
Missiles
 n - 18 sling bullets
Armour
 i - a +0 cloak (worn)
 k - a +0 pair of boots (worn)
 l - a +0 leather armour
 p - a cursed +0 leather armour (worn)
Scrolls
 c - a scroll of blinking {unknown}
 f - 2 scrolls of noise {unknown}
 h - 2 scrolls of teleportation {unknown}
 o - 2 scrolls of random uselessness {unknown}
 r - a scroll of remove curse {unknown}
 s - a scroll of identify {unknown}
 w - a scroll of fog {unknown}
 x - a scroll of enchant weapon {unknown}
Potions
 e - a potion of brilliance {unknown}
 g - 2 potions of mutation {unknown}
 j - 2 potions of heal wounds {unknown}
 m - a potion of agility {unknown}
 q - a potion of invisibility {unknown}
 t - 3 potions of curing {unknown}
Comestibles
 d - 7 rations
 v - a chunk of flesh


   Skills:
 - Level 2.1 Fighting
 + Level 5.4 Polearms
 - Level 0.6 Armour
 - Level 2.6 Dodging
 - Level 2.0 Spellcasting
 * Level 6.1 Charms


You had 2 spell levels left.
You knew the following spells:

 Your Spells              Type           Power        Failure   Level  Hunger
a - Infusion              Chrm           ###.         2%          1    ##.....
b - Shroud of Golubria    Chrm/Tloc      #.........   16%         2    ###....
c - Spectral Weapon       Hex/Chrm       #.......     30%         3    ####...

Your spell library contained the following spells:

 Spells                   Type           Power        Failure   Level  Hunger
 Song of Slaying          Chrm           ###.....     4%          2    ###....
 Regeneration             Chrm/Necr      #.........   30%         3    ####...


Dungeon Overview and Level Annotations

Branches:
Dungeon (3/15)

Altars:


Message History

There is an open door here.
Which direction?
You close the door.
There is an open door here.
You close the door.
Something unseen opens the door.
Casting: Infusion (safe; 2% risk of failure)
Confirm with . or Enter, or press ? or * to list all spells.
Space distorts slightly along a thin shroud covering your body.
A magic dart appears from out of thin air!
The magic dart hits you.
* * * LOW HITPOINT WARNING * * *
An orc wizard appears from thin air!
Reactivating autopickup.
The orc wizard mumbles some strange words.
The orc wizard flickers and vanishes!
Deactivating autopickup; reactivate with Ctrl-A.
A magic dart appears from out of thin air!
The magic dart hits you!
You die...

#.#...........#######.........
#.#.................#.........
####.######............#.........
.....# #............########..
.....# #............########..
.....######.....[......##........
.....+...........................
.....####################.#......
.....'..........@.......#.#.##..#
.....##################.#.#...#..
.....# #.......#.#.#...# ######
#.......#.#...#..
########.......#.#.#...#
#..............#.#...#..
#.##############.#.#...#
#.######.............#..
#.#...##.########..#...#


There were no monsters in sight!

Vanquished Creatures
  7 gnolls
  6 adders
  3 oozes
  A worm (D:2)
  A leopard gecko (D:1)
  An orc (D:2)
  A ball python (D:1)
  11 bats
  A giant cockroach (D:1)
  11 goblins
  12 hobgoblins
  5 jackals
  8 kobolds
  A frilled lizard (D:2)
  11 rats
80 creatures vanquished.

Notes
Turn   | Place    | Note
-------+----------+-------------------------------------------
     0 | D:1      | Aphrodieselac the Merfolk Skald began the quest for the
                  | Orb.
     0 | D:1      | Reached XP level 1. HP: 16/16 MP: 3/3
    86 | D:1      | Reached XP level 2. HP: 22/22 MP: 5/5
   208 | D:1      | Reached skill level 4 in Charms
   491 | D:1      | Reached XP level 3. HP: 21/27 MP: 6/6
  1073 | D:2      | Reached XP level 4. HP: 33/33 MP: 7/7
  1268 | D:2      | Reached skill level 5 in Charms
  1604 | D:2      | Reached XP level 5. HP: 13/38 MP: 6/8
  2208 | D:3      | Reached skill level 5 in Polearms
  2595 | D:3      | Reached skill level 6 in Charms
  2625 | D:3      | Learned a level 2 spell: Shroud of Golubria
  2629 | D:3      | Learned a level 3 spell: Spectral Weapon
  2831 | D:2      | Killed from afar by an orc wizard

Skill      XL: |  1  2  3  4  5 |
---------------+----------------+-----
Charms         | 4 5 6 |  6.1
Polearms       | 4 5 |  5.4
Fighting       | |  2.1
Armour         | |  0.6
Dodging        | |  2.6
Spellcasting   | |  2.0

Action                   |  1- 3 |  4- 6 || total
-------------------------+-------+-------++-------
Melee: Spear             |   169 |   118 ||   287
       Halberd           |       |    16 ||    16
 Cast: Infusion          |     3 |     7 ||    10
       Shroud of Golubri |       |     1 ||     1
 Stab: Sleeping          |       |     2 ||     2
  Eat: Chunk             |     1 |     5 ||     6
Armor: Leather armour    |    44 |    32 ||    76
Dodge: Dodged            |    80 |    61 ||   141
